 Dungeon Crawl Stone Soup version 0.31.0 (webtiles) character file.

Game seed: 16690017986976041094

252 qw the Shooter (level 6, -6/38 HPs)
             Began as a Gargoyle Hunter on Jan 19, 2024.
             Incinerated by a bombardier beetle (7 damage)
             ... with a burning spray
             ... on level 4 of the Dungeon.
             The game lasted 00:00:10 (2410 turns).

qw the Shooter (Gargoyle Hunter)                    Turns: 2410, Time: 00:00:11

Health: -6/38      AC:  9    Str: 14    XL:     6   Next: 14%
Magic:  6/6        EV: 10    Int: 10    God:
Gold:   170        SH:  0    Dex: 15    Spells: 5/5 levels left

rFire   . . .        a - +0 shortbow (heavy)
rCold   . . .        (shield currently unavailable)
rNeg    + . .        d - +0 ring mail
rPois   inf          (no helmet)
rElec   +            (no cloak)
rCorr   .            (no gloves)
SInv    .            (no boots)
Will    .....        (no amulet)
Stlth   +            (no ring)
HPRegen 0.26/turn    (no ring)
MPRegen 0.10/turn

%: no passive effects
@: on fire, about to teleport, glowing
A: sickness immunity, AC +4, negative energy resistance 1, electricity
resistance, torment resistance 1, petrification resistance
a: no special abilities


You were on level 4 of the Dungeon.
You visited 1 branch of the dungeon, and saw 4 of its levels.

You collected 170 gold pieces.


Innate Abilities, Weirdness & Mutations

You are immune to sickness and miasma.
Your stone body is resilient. (AC +4)
You are immune to poison.
You resist negative energy. (rN+)
You are resistant to electric shocks. (rElec)
You are resistant to unholy torment.
You are immune to petrification.


   Skills:
 - Level 4.0 Fighting
 + Level 6.3 Ranged Weapons
 - Level 1.0 Armour
 - Level 1.5 Dodging
 - Level 1.1 Stealth


You had 5 spell levels left.
You didn't know any spells.
Your spell library was empty.

Inventory:

Hand Weapons
 a - a +0 heavy shortbow (weapon)
Armour
 d - a +0 ring mail (worn)
Wands
 j - a wand of light (9)
Potions
 c - 2 potions of curing
 f - a potion of cancellation
 g - a potion of brilliance {unknown}
 h - a potion of might {unknown}
 i - a potion of degeneration {unknown}
 l - a potion of haste {unknown}

Dungeon Overview and Level Annotations

Branches:
Dungeon (4/15)
 Temple: D:4-7

Altars:
Ru
Yredelemnul


Message History

The giant cockroach waves its antennae.
You shoot an arrow.
The arrow barely misses the bombardier beetle.
The arrow closely misses the giant cockroach.
The bombardier beetle sprays incendiary fluid at you.
The burning spray hits you.
You are covered in liquid fire!
You shoot an arrow. The arrow hits the bombardier beetle!
The bombardier beetle is severely wounded.
The liquid fire burns you!
The bombardier beetle sprays incendiary fluid at you.
The burning spray hits you.
You are even more covered in liquid fire!
You shoot an arrow. The arrow hits the bombardier beetle!
You kill the bombardier beetle!
The liquid fire burns you! The giant cockroach bites you.
You shoot an arrow.
The arrow hits the giant cockroach but does no damage.
The liquid fire burns you!
The giant cockroach bites you but does no damage.
The giant cockroach barely misses you.
You shoot an arrow.
The arrow closely misses the giant cockroach.
The liquid fire burns you! The giant cockroach closely misses you.
The giant cockroach bites you but does no damage.
You shoot an arrow.
The arrow closely misses the giant cockroach.
The liquid fire burns you!
The giant cockroach barely misses you. x2
2409 ||| READING scroll of teleportation.
As you read the scroll of teleportation, it crumbles to dust.
You feel strangely unstable. The liquid fire burns you!
The giant cockroach bites you but does no damage.
You shoot an arrow.
The arrow completely misses the giant cockroach.
The liquid fire burns you!
You die...

#...... #..... #.....
#.... .... ##########
..# #####
#........###B#.....#
#...........@.....(#
#.......>..........# #
#..................#
#+###..................#
........................
.....######+####+######.
.....# .....# .....#


You could see a giant cockroach.

Vanquished Creatures
  A sleepcap (D:4)
  A bombardier beetle (D:4)
  An orc priest (D:3)
  An orc wizard (D:3)
  A gnoll (D:1)
  A river rat (D:4)
  4 adders
  3 dart slugs
  2 ribbon worms
  5 orcs (D:3)
  4 endoplasms
  5 giant cockroaches
  2 goblins
  5 hobgoblins
  10 kobolds
  3 quokkas
  8 ball pythons
  9 bats
  4 frilled lizards
  4 rats
74 creatures vanquished.

Notes
Turn   | Place    | Note
-------+----------+-------------------------------------------
     0 | D:1      | qw the Gargoyle Hunter began the quest for the Orb.
     0 | D:1      | Reached XP level 1. HP: 12/12 MP: 1/1
     0 | D:1      | 0 ||| qw: Version: 0.3-a-132-g3d54051
     0 | D:1      | 0 ||| qw: Game counter: 313
     0 | D:1      | 0 ||| qw: Melee chars always use a shield: true
     0 | D:1      | 0 ||| qw: God list: Okawaru
     0 | D:1      | 0 ||| qw: Allow faded altars: false
     0 | D:1      | 0 ||| qw: Do Orc after clearing Dungeon:15 true
     0 | D:1      | 0 ||| qw: Do second Lair branch before Depths: true
     0 | D:1      | 0 ||| qw: Lair rune preference: random
     0 | D:1      | 0 ||| qw: Goals: Normal
     0 | D:1      | 0 ||| PLANNING D:1-11
   199 | D:1      | Reached XP level 2. HP: 17/17 MP: 2/2
   543 | D:1      | Reached skill level 5 in Ranged Weapons
   543 | D:1      | Reached XP level 3. HP: 18/21 MP: 3/3
   806 | D:1      | 806 ||| UPGRADING to +0 ring mail.
   816 | D:1      | 816 ||| DROPPING +0 leather armour.
   817 | D:1      | 817 ||| READING scroll labelled XAOS LIUCU.
   818 | D:1      | 818 ||| DRINKING 2 emerald potions.
   819 | D:1      | 819 ||| DROPPING scroll of butterflies.
   877 | D:2      | Reached skill level 1 in Armour
   914 | D:2      | 914 ||| FLEEEEING.
   981 | D:2      | Reached XP level 4. HP: 27/27 MP: 4/4
  1012 | D:2      | Reached skill level 3 in Fighting
  1013 | D:2      | Found a basalt altar of Yredelemnul.
  1182 | D:2      | 1182 ||| FLEEEEING.
  1300 | D:2      | 1300 ||| READING scroll labelled LAXUXTAASS.
  1300 | D:2      | 1300 ||| IDENTIFYING black potion
  1301 | D:2      | 1301 ||| READING 2 scrolls labelled GIOCUS OSSEUNG.
  1305 | D:2      | 1305 ||| READING scroll labelled QANKEU TEXTAF.
  1305 | D:2      | 1305 ||| BRANDING +0 shortbow.
  1306 | D:2      | 1306 ||| READING scroll labelled ITHOJY ZOJO.
  1307 | D:2      | 1307 ||| FLEEEEING.
  1475 | D:3      | 1475 ||| FLEEEEING.
  1605 | D:3      | Reached XP level 5. HP: 32/32 MP: 5/5
  1816 | D:3      | Found a sacrificial altar of Ru.
  1827 | D:3      | Reached skill level 6 in Ranged Weapons
  2085 | D:3      | 2085 ||| READING scroll of identify.
  2085 | D:3      | 2085 ||| IDENTIFYING fuming green potion
  2086 | D:3      | 2086 ||| READING scroll labelled PUMUQA OROT.
  2087 | D:3      | 2087 ||| READING scroll labelled PULIRU PUUJI.
  2088 | D:3      | 2088 ||| DROPPING potion of lignification.
  2115 | D:4      | 2115 ||| PLANNING SEWER
  2300 | D:4      | 2300 ||| FLEEEEING.
  2378 | D:4      | Reached XP level 6. HP: 38/38 MP: 6/6
  2408 | D:4      | HP: 5/38 [burnt (8)]
  2409 | D:4      | 2409 ||| READING scroll of teleportation.
  2409 | D:4      | HP: 1/38 [burnt (4)]
  2410 | D:4      | Incinerated by a bombardier beetle

Levels and vault maps discovered:
D:1:      ebering_trefoil_3fold, layout_loops_corners
D:2:      layout_rooms, basic_altar
D:3:      layout_loops_ring, nicolae_ru_great_annihilating_truth, st_stairs_6
D:4:      dreamdust_elfheim, layout_gridville, gup_sewer_entry_bowl,
          amethyst_killhole, uniq_natasha

Skill      XL: |  1  2  3  4  5 |
---------------+----------------+-----
Ranged Weapons | 5 6 |  6.3
Armour         | 1 |  1.0
Fighting       | 3 4 |  4.0
Dodging        | |  1.5
Stealth        | |  1.1

Action                     |  1- 3 |  4- 6 || total
---------------------------+-------+-------++-------
   Fire: Shortbow          |   124 |   131 ||   255
    Use: Scroll            |     1 |     8 ||     9
         Potion            |     1 |       ||     1
 Armour: Leather armour    |    14 |       ||    14
         Ring mail         |    26 |    46 ||    72
  Dodge: Dodged            |    44 |    36 ||    80

Table legend:
 A = Non-vault XP
 B = Vault XP
 C = Vault XP percentage of total XP
 D = Non-vault monster count
 E = Vault monster count
 F = Vault count percentage of total count
                 A         B        C        D         E       F
            +---------+---------+-------+---------+---------+-------
      Total |     301 |      60 |  16.6 |      66 |       8 |  10.8
            +---------+---------+-------+---------+---------+-------
        D:1 |      42 |       0 |   0.0 |      20 |       0 |   0.0
        D:2 |      59 |       0 |   0.0 |      21 |       0 |   0.0
        D:3 |      96 |      40 |  29.4 |      19 |       5 |  20.8
        D:4 |     104 |      20 |  16.1 |       6 |       3 |  33.3
            +---------+---------+-------+---------+---------+-------
